 Dungeon Crawl Stone Soup version 0.23-a0-650-ga4d50d4d25 (webtiles) character file.

251896 Notair the Slayer (level 19, -4/193 HPs)
             Began as a Minotaur Gladiator on Jan 4, 2019.
             Was the Champion of Okawaru.
             Slain by an earth elemental (16 damage)
             ... summoned by a deep elf elementalist
             ... on level 3 of the Elven Halls on Jan 6, 2019.
             The game lasted 02:50:47 (53694 turns).

Notair the Slayer (Minotaur Gladiator)             Turns: 53694, Time: 02:50:48

Health: -4/193     AC: 38    Str: 20      XL:     19   Next: 34%
Magic:  24/24      EV: 17    Int:  9 (10) God:    Okawaru [******]
Gold:   4223       SH: 13    Dex: 14      Spells: 18/18 levels left

rFire    . . .     SeeInvis .   L - +3 trident (venom)
rCold    . . .     Gourm    .   y - +2 buckler
rNeg     + . .     Faith    .   x - +4 plate armour {MR+}
rPois    .         Spirit   .   c - +0 hat
rElec    .         Reflect  +   S - +2 cloak
rCorr    .         Harm     .   J - +2 pair of gloves
MR       +++..                  Y - +2 pair of boots {Fly}
Stlth    ..........             O - +5 amulet of reflection
HPRegen  0.42/turn              A - ring of protection from magic
MPRegen  0.19/turn              j - ring of positive energy

@: lethally poisoned (-4 -> -43), heroism, flying
A: retaliatory headbutt, horns 2
}: 1/15 runes: gossamer
a: Heroism, Finesse, Renounce Religion, Stop Flying


You were on level 3 of the Elven Halls.
You worshipped Okawaru.
Okawaru was exalted by your worship.
You were not hungry.

You visited 7 branches of the dungeon, and saw 35 of its levels.
You also visited: Ice Cave and Volcano.

You collected 4481 gold pieces.
You spent 258 gold pieces at shops.

Inventory:

Hand Weapons
 b - a +5 bardiche of draining
 L - a +3 trident of venom (weapon)
Missiles
 d - 4 throwing nets (quivered)
Armour
 c - a +0 hat (worn)
 x - a +4 plate armour of magic resistance (worn)
 y - a +2 buckler (worn)
 J - a +2 pair of gloves (worn)
 S - a +2 cloak (worn)
 Y - a +2 pair of boots of flying (worn)
Jewellery
 j - a ring of positive energy (right hand)
 A - a ring of protection from magic (left hand)
 B - the ring of the Thirsty Lies {rF++ MP+9 Str+3 SInv}
   (You found it on level 2 of the Swamp)

   [ring of strength]

   It affects your strength (+3).
   It greatly protects you from fire.
   It affects your magic capacity (+9).
   It lets you see invisible.
 D - an uncursed ring of protection from magic
 E - an uncursed ring of protection from cold
 O - a +5 amulet of reflection (around neck)
 R - an uncursed ring of poison resistance
 V - the ring of Kuxya {rCorr SInv}
   (You found it on level 2 of the Elven Halls)

   [ring of resist corrosion]

   It lets you see invisible.
Wands
 a - a wand of acid (6)
 q - a wand of random effects (49)
 s - a wand of flame (65)
 K - a wand of digging (7)
 Q - a wand of polymorph (26)
 U - a wand of iceblast (39)
 W - a wand of disintegration (19)
 X - a wand of paralysis (6)
Scrolls
 l - 3 scrolls of teleportation
 p - a scroll of enchant weapon
 r - 3 scrolls of magic mapping
 u - 16 scrolls of remove curse
 v - 5 scrolls of enchant armour
 w - 5 scrolls of fog
 G - 4 scrolls of identify
 H - a scroll of fear
 N - 7 scrolls of amnesia
 P - 2 scrolls of vulnerability
 T - a scroll of blinking
Potions
 e - 9 potions of brilliance
 g - 5 potions of might
 h - 3 potions of cancellation
 i - 4 potions of agility
 k - 12 potions of curing
 m - 5 potions of heal wounds
 o - 9 potions of ambrosia
 t - 5 potions of lignification
 z - 5 potions of haste
 C - 3 potions of invisibility
 F - 5 potions of berserk rage
 I - 4 potions of mutation
 Z - a potion of resistance
Miscellaneous
 n - a lightning rod (4/4)
 M - a sack of spiders
Comestibles
 f - 38 rations


   Skills:
 + Level 22.8(27) Fighting
 - Level 14.0(19.0) Polearms
 - Level 2.0(7.0) Throwing
 + Level 22.1(27) Armour
 + Level 13.9(18.9) Dodging
 - Level 4.0(9.0) Shields
 - Level 8.0 Invocations
 - Level 8.0 Evocations


You had 18 spell levels left.
You didn't know any spells.
Your spell library contained the following spells:

 Spells                   Type           Power        Failure   Level  Hunger
 Flame Tongue             Conj/Fire      #....        86%         1    ##.....
 Summon Small Mammal      Summ           #...         86%         1    ##.....
 Call Imp                 Summ           #.......     95%         2    ###....
 Poisonous Vapours        Pois/Air       #.....       95%         2    ###....
 Throw Flame              Conj/Fire      #.....       95%         2    ###....
 Call Canine Familiar     Summ           #.......     99%         3    ####...
 Conjure Flame            Conj/Fire      #.......     99%         3    ####...
 Inner Flame              Hex/Fire       #.......     99%         3    ####...
 Mephitic Cloud           Conj/Pois/Air  #.......     99%         3    ####...
 Recall                   Summ/Tloc      N/A          99%         3    ####...
 Static Discharge         Conj/Air       #.......     99%         3    ####...
 Animate Dead             Necr           N/A          100%        4    #####..
 Ice Form                 Ice/Tmut       #.......     100%        4    #####..
 Leda's Liquefaction      Hex/Erth       #.........   100%        4    #####..
 Sticky Flame             Conj/Fire      #.......     100%        4    #####..
 Summon Lightning Spire   Summ/Air       #.......     100%        4    #####..
 Bolt of Draining         Conj/Necr      #.........   100%        5    ######.
 Bolt of Magma            Conj/Fire/Erth #.........   100%        5    ######.
 Borgnjor's Vile Clutch   Necr/Erth      #.........   100%        5    ######.
 Fireball                 Conj/Fire      #.........   100%        5    ######.
 Irradiate                Conj/Tmut      #.........   100%        5    ######.
 Lightning Bolt           Conj/Air       #.........   100%        5    ######.
 Metabolic Englaciation   Hex/Ice        #.........   100%        5    ######.
 Silence                  Hex/Air        #.........   100%        5    ######.
 Summon Demon             Summ           #.........   100%        5    ######.
 Bolt of Cold             Conj/Ice       #.........   100%        6    #######
 Conjure Ball Lightning   Conj/Air       #.........   100%        6    #######
 Death Channel            Necr           #.........   100%        6    #######
 Deflect Missiles         Chrm/Air       #.........   100%        6    #######
 Freezing Cloud           Conj/Ice/Air   #.........   100%        6    #######
 Hydra Form               Tmut           #.........   100%        6    #######
 Iron Shot                Conj/Erth      #.........   100%        6    #######
 Ozocubu's Refrigeration  Ice            #.........   100%        6    #######
 Simulacrum               Ice/Necr       #.........   100%        6    #######
 Statue Form              Tmut/Erth      #........    100%        6    #######
 Dragon Form              Tmut           #.........   100%        7    #######
 Ring of Flames           Chrm/Fire      #.........   100%        7    #######
 Ignition                 Fire           #.........   100%        8    #######
 Shatter                  Erth           #.........   100%        9    #######
 Tornado                  Air            #.........   100%        9    #######


Dungeon Overview and Level Annotations

Branches:
Dungeon (15/15)            Temple (1/1) D:6            Lair (6/6) D:8
  Swamp (4/4) Lair:4       Spider (4/4) Lair:2        Slime (0/5) Lair:5
    Orc (2/2) D:12            Elf (3/3) Orc:2        Vaults (0/5) D:13
 Depths (0/5) D:15

Altars:
Ashenzari
Cheibriados
Dithmenos
Elyvilon
Fedhas
Gozag
Hepliaklqana
Kikubaaqudgha
Makhleb
Nemelex Xobeh
Okawaru
Qazlal
Ru
Sif Muna
Trog
Uskayaw
Vehumet
Wu Jian
Xom
Yredelemnul
Zin
The Shining One

Shops:
D:5 (   D:8 [   D:13 [   D:15 *   Orc:2 *:%=   Elf:2 }=

Portals:
Trove: D:13 (give 8 potions of agility)

Annotations:
Swamp:4 Lernaean hydra
Elf:3 exclusion: orange crystal statue


Innate Abilities, Weirdness & Mutations

You reflexively headbutt those who attack you in melee.
You have a pair of horns on your head.


Message History

The earth elemental is unaffected.
The deep elf sorcerer resists with almost no effort.
The deep elf annihilator looks frightened!
The earth elemental is unaffected. x3
The deep elf annihilator resists with almost no effort. x2
The earth elemental is unaffected.
The +2 dire flail of protection is unaffected.
The earth elemental is unaffected. x3
* * * LOW HITPOINT WARNING * * *
You feel very sick.
The deep elf blademaster closely misses you.
The deep elf blademaster hits you with a +0 rapier.
* * * LOW HITPOINT WARNING * * *
The deep elf annihilator casts a spell.
The deep elf annihilator blinks!
The deep elf annihilator gestures wildly while chanting.
The deep elf annihilator blinks!
The deep elf annihilator is empowered by something's aura!
The earth elemental hits you!
You die...

......(..).......###....##
#........###...####......# ###
#.(......##..#.# ##.....## #..
#(...#..##..##.###.##.<########..
...............ee.e..............
#....##..#####.#(##############..
#....#....####.eEE.# #..
##..##....#....eee.#############.
#..##........EE@e(Ee.ยง.........#
#####........eEEEE##############
##..#(....#.#.# #..##...######
####


You could see 2 deep elf blademasters, 5 deep elf annihilators, a deep elf
sorcerer, a deep elf elementalist (fleeing), 9 earth elementals and a +2 dire
flail of protection.

Vanquished Creatures
  Arachne (Spider:2)
  Jorgrun (Swamp:3)
  2 thorn hunters
  The ghost of HereIgoKillingAgain the Warrior, an adept HOFi of the Shining One (Spider:1)
  Donald (Elf:3)
  2 ghost moths (Spider:4)
  2 deep elf sorcerers
  7 emperor scorpions (Spider:4)
  An orc warlord (Elf:2)
  2 deep elf elementalists (Elf:3)
  An ironheart preserver (D:13)
  3 very ugly things (Swamp:4)
  2 entropy weavers (Spider:3)
  3 deep elf demonologists (Elf:1)
  Nessos (D:15)
  2 deep elf annihilators (Elf:3)
  A red draconian (Volcano)
  2 green deaths (Swamp:4)
  A deep elf high priest (Elf:3)
  3 fire dragons
  An ice dragon (D:13)
  2 deep elf death magi
  Harold (D:9)
  2 ghost crabs
  16 hydras
  A shambling mangrove (Swamp:3)
  6 centaur warriors
  A hell beast (Swamp:4)
  2 catoblepae (D:13)
  An ogre mage (Volcano)
  7 two-headed ogres
  23 dancing weapons
  18 alligators
  6 death yaks (Lair:6)
  4 orc high priests
  A shock serpent (shapeshifter) (D:13)
  12 deep elf knights
  3 spriggan druids
  A large abomination (Swamp:4)
  3 unseen horrors
  A lindwurm (Lair:6)
  9 deep elf archers
  7 swamp dragons
  16 orc knights
  17 orb spiders
  19 ugly things
  4 orc sorcerers
  An oklob plant (Lair:5)
  31 wolf spiders
  3 cyclopes
  48 deep elf magi
  3 centaur zombies
  3 moths of wrath
  Maurice (D:9)
  4 black mambas
  2 molten gargoyles (Lair:6)
  3 ice statues (IceCv)
  4 gargoyles
  4 orange demons (Swamp:4)
  11 rime drakes
  8 spiny frogs
  14 komodo dragons
  20 demonic crawlers
  2 efreet
  A freezing wraith (D:14)
  A spiny frog (shapeshifter) (Elf:3)
  4 yaktaurs
  10 trolls
  23 jumping spiders
  5 tyrant leeches
  3 meliai (D:14)
  5 blink frogs (Lair:2)
  9 bog bodies
  30 hornets
  19 slime creatures
  5 dream sheep (Lair:6)
  16 hippogriffs
  A meliai zombie (D:14)
  77 redbacks
  8 spriggans
  4 air elementals
  3 water elementals
  5 shadows
  42 tarantellas
  A vampire (D:11)
  Eustachio (D:5)
  3 fire elementals
  14 wyverns
  9 basilisks
  42 yaks
  7 hungry ghosts
  3 steam dragons
  14 vampire mosquitoes
  2 wargs
  14 swamp worms
  8 insubstantial wisps (Swamp:3)
  18 water moccasins
  4 hell hounds (Lair:6)
  3 acid dragons
  7 porcupines
  47 orc warriors
  8 swamp drakes
  A hornet zombie (D:15)
  12 ice beasts
  2 phantoms
  A sky beast (D:12)
  2 eyes of draining
  3 necrophages
  3 wolves (D:8)
  12 ogres
  12 centaurs
  9 crocodiles
  3 big kobolds
  Blork the orc (D:4)
  A gnoll sergeant (D:7)
  13 bullfrogs
  A wyvern zombie (D:7)
  6 earth elementals
  A wyvern skeleton (D:6)
  5 scorpions
  51 killer bees
  11 wights
  2 howler monkeys
  4 electric eels
  7 crimson imps
  2 bullfrog zombies (D:8)
  5 lava snakes (Lair:6)
  A wyvern simulacrum (D:13)
  2 quasits
  9 jellies
  7 hounds
  5 bullfrog skeletons
  19 orc priests
  4 centaur skeletons
  2 iguanas
  33 orc wizards
  Ijyb (D:3)
  Natasha (thrice) (D:2)
  9 worker ants
  A hound zombie (D:5)
  A hound skeleton (D:5)
  A worker ant zombie (D:11)
  A howler monkey skeleton (D:6)
  19 gnolls
  16 adders
  3 shadow imps
  12 white imps (Lair:2)
  8 oozes
  An adder zombie (D:5)
  An adder skeleton (D:8)
  5 worms
  2 dart slugs
  11 leopard geckos
  93 orcs
  5 bats
  3 giant cockroaches
  6 goblins
  3 hobgoblins
  9 jackals
  22 kobolds
  4 quokkas
  5 frilled lizards
  A leopard gecko skeleton (D:5)
  2 rats
  3 briar patches
1364 creatures vanquished.

Vanquished Creatures (collateral kills)
  A spark wasp (Spider:4)
  A hydra (Lair:5)
  A komodo dragon (Lair:5)
  A jumping spider (Spider:4)
  2 hornets (Spider:4)
6 creatures vanquished.

Vanquished Creatures (others)
  A deep elf master archer (Elf:3)
  2 deep elf knights (Elf:1)
  A swamp dragon (Swamp:3)
  2 deep elf archers
  2 orb spiders (Spider:4)
  A deep elf mage (Elf:1)
  A cyclops (D:15)
  A torpor snail (Spider:4)
  An air elemental (Elf:1)
  An orc warrior (Orc:1)
  2 orcs
  6 briar patches
  2 fungi
  5 plants
28 creatures vanquished.

Grand Total: 1398 creatures vanquished

Notes
Turn   | Place    | Note
-------+----------+-------------------------------------------
     0 | D:1      | Notair the Minotaur Gladiator began the quest for the Orb.
     0 | D:1      | Reached XP level 1. HP: 18/18 MP: 0/0
   117 | D:1      | Reached XP level 2. HP: 18/25 MP: 1/1
   666 | D:2      | Noticed Natasha
   675 | D:2      | Killed Natasha
   675 | D:2      | Reached XP level 3. HP: 29/31 MP: 2/2
   681 | D:2      | Reached skill level 5 in Polearms
   792 | D:2      | Noticed Natasha
   803 | D:2      | Killed Natasha
   803 | D:2      | Reached XP level 4. HP: 32/40 MP: 3/3
  1056 | D:2      | Noticed Natasha
  1162 | D:2      | Reached XP level 5. HP: 14/46 MP: 4/4
  1925 | D:2      | Killed Natasha
  4296 | D:3      | Noticed Ijyb
  4301 | D:3      | Killed Ijyb
  5022 | D:4      | Reached XP level 6. HP: 49/53 MP: 5/5
  5033 | D:4      | Found a shimmering altar of Xom.
  5039 | D:4      | Found a shimmering altar of Xom.
  5039 | D:4      | Found a shimmering altar of Xom.
  5039 | D:4      | Found a shimmering altar of Xom.
  5041 | D:4      | Found a shimmering altar of Xom.
  5044 | D:4      | Found a shimmering altar of Xom.
  5044 | D:4      | Found a shimmering altar of Xom.
  5105 | D:4      | Reached skill level 5 in Fighting
  5552 | D:4      | Noticed Blork the orc
  5557 | D:4      | Killed Blork the orc
  5557 | D:4      | Reached XP level 7. HP: 50/61 MP: 6/6
  5655 | D:5      | Entered Level 5 of the Dungeon
  5762 | D:5      | Reached skill level 1 in Shields
  5783 | D:5      | Found a snail-covered altar of Cheibriados.
  5827 | D:5      | Found Teankuh's Antique Weapon Shop.
  5916 | D:5      | Noticed Eustachio
  6737 | D:5      | Killed Eustachio
  6959 | D:5      | Reached XP level 8. HP: 66/71 MP: 7/7
  7398 | D:6      | Reached skill level 10 in Polearms
  7425 | D:6      | Identified the +1 leather armour "Siut" {rF+ rC- Dex+7}
  7441 | D:6      | Found a staircase to the Ecumenical Temple.
  7454 | Temple   | Entered the Ecumenical Temple
  7555 | Temple   | Became a worshipper of Warmaster Okawaru
  7924 | D:6      | Found a shattered altar of Ashenzari.
  8455 | D:7      | Noticed a hippogriff
  8468 | D:7      | Killed a hippogriff
  8468 | D:7      | Reached * piety under Okawaru
  8468 | D:7      | Reached skill level 1 in Armour
  8780 | D:7      | Reached XP level 9. HP: 81/81 MP: 8/8
  9407 | D:7      | Reached ** piety under Okawaru
 10194 | D:7      | Paralysed by fainting for 8 turns
 10403 | D:8      | Found Astrururph's Antique Armour Boutique.
 10517 | D:8      | Found a staircase to the Lair.
 10522 | D:8      | Noticed a troll
 10539 | D:8      | Reached skill level 5 in Armour
 10894 | D:8      | Reached *** piety under Okawaru
 10894 | D:8      | Reached XP level 10. HP: 74/90 MP: 7/9
 11400 | D:9      | Noticed a two-headed ogre
 11430 | D:9      | Killed a two-headed ogre
 11542 | D:9      | Reached **** piety under Okawaru
 11569 | D:9      | Reached skill level 10 in Fighting
 12048 | D:9      | Reached skill level 1 in Invocations
 12731 | D:9      | Noticed Maurice
 12776 | D:9      | Killed Maurice
 12776 | D:9      | Reached ***** piety under Okawaru
 12776 | D:9      | Reached XP level 11. HP: 101/101 MP: 12/12
 12828 | D:9      | Noticed Harold
 12851 | D:9      | Killed Harold
 13072 | D:10     | Entered Level 10 of the Dungeon
 13099 | D:10     | Received a gift from Okawaru
 14318 | D:11     | Reached skill level 5 in Invocations
 14880 | D:11     | Noticed a centaur warrior
 14890 | D:11     | Killed a centaur warrior
 14890 | D:11     | Received a gift from Okawaru
 14890 | D:11     | Reached skill level 10 in Armour
 15267 | D:11     | Identified the cursed +1 battleaxe of Wyrd {chaos, *Rage
                  | Str+4 Stlth+}
 15267 | D:11     | Identified the +8 crystal plate armour of the Guardian
                  | {*Drain rPois rC++ Stlth+}
 15632 | D:11     | Identified the +10 plate armour of Raja Uv Nookk {Dex+6}
 15708 | D:11     | Identified the +2 chain mail of Rationality {rPois MR++
                  | Str+4}
 15838 | D:11     | Noticed an orc knight
 15873 | D:11     | Killed an orc knight
 15971 | D:11     | Found an iron altar of Okawaru.
 16167 | D:11     | Reached XP level 12. HP: 113/113 MP: 15/15
 16848 | D:12     | Found a staircase to the Orcish Mines.
 16931 | D:12     | Received a gift from Okawaru
 16995 | D:12     | Received a gift from Okawaru
 17538 | D:13     | Noticed a centaur warrior
 17548 | D:13     | Killed a centaur warrior
 17622 | D:13     | Found a portal to a secret trove of treasure.
 17992 | D:13     | Noticed a catoblepas
 17993 | D:13     | Noticed an ironheart preserver
 17993 | D:13     | Noticed a catoblepas
 18015 | D:13     | Killed a catoblepas
 18027 | D:13     | Found a gate to the Vaults.
 18060 | D:13     | Killed an ironheart preserver
 18098 | D:13     | Killed a catoblepas
 18098 | D:13     | Received a gift from Okawaru
 18164 | D:13     | Found Iteadec's Armour Shop.
 18167 | D:13     | Reached ****** piety under Okawaru
 18178 | D:13     | Bought a +2 pair of boots of flying for 258 gold pieces
 18280 | D:13     | Reached XP level 13. HP: 106/125 MP: 18/18
 18444 | D:13     | Received a gift from Okawaru
 19290 | D:13     | Reached skill level 15 in Fighting
 21304 | D:14     | Received a gift from Okawaru
 21366 | D:14     | Got a jasper-encrusted chain mail {god gift}
 21416 | D:14     | Identified the +0 chain mail of Pimam {MP+9 Str+2 SInv}
                  | (Okawaru gifted it to you on level 14 of the Dungeon)
 21942 | D:15     | Entered Level 15 of the Dungeon
 22256 | D:15     | Reached skill level 15 in Armour
 22306 | D:15     | Found Erixt's General Store.
 22584 | D:15     | Reached XP level 14. HP: 123/138 MP: 19/19
 22960 | D:15     | Noticed Nessos
 22970 | D:15     | Killed Nessos
 23183 | D:15     | Found a staircase to the Depths.
 23268 | D:15     | Found a sacrificial altar of Ru.
 23627 | Lair:1   | Entered Level 1 of the Lair of Beasts
 23711 | Lair:1   | Identified a scroll of acquirement
 24252 | Lair:2   | Found a frozen archway.
 24264 | IceCv    | Entered an ice cave
 24789 | IceCv    | Got faintly humming ice dragon scales
 25072 | Lair:2   | Found a hole to the Spider Nest.
 25270 | Lair:2   | Received a gift from Okawaru
 26079 | Lair:3   | You are sucked into a shaft for 3 floors!
 26079 | Lair:6   | Entered Level 6 of the Lair of Beasts
 26767 | Lair:5   | Found a staircase to the Slime Pits.
 27044 | Lair:5   | Reached skill level 1 in Evocations
 27055 | Lair:5   | Reached XP level 15. HP: 103/150 MP: 20/20
 27093 | Lair:5   | Received a gift from Okawaru
 27223 | Lair:5   | Received a gift from Okawaru
 27869 | Lair:4   | Got a warped steel ring
 27927 | Lair:4   | Received a gift from Okawaru
 28127 | Lair:4   | Identified the ring of the Hare {Ice +Inv MR- Str+3} (You
                  | found it on level 4 of the Lair of Beasts)
 28397 | Lair:4   | Identified the +3 ice dragon scales of the Leaf {rF- rC++
                  | SInv} (You found it in an ice cave)
 28460 | Lair:4   | Found a staircase to the Swamp.
 29612 | Lair:6   | Found a large runed door.
 29613 | Lair:6   | Found a large runed door.
 30594 | Orc:1    | Entered Level 1 of the Orcish Mines
 30647 | Orc:1    | Found a dark tunnel.
 30669 | Volcano  | Entered a volcano
 30855 | Volcano  | Received a gift from Okawaru
 31770 | Orc:2    | Entered Level 2 of the Orcish Mines
 31772 | Orc:2    | Found a staircase to the Elven Halls.
 32424 | Orc:2    | Reached skill level 5 in Evocations
 33496 | Orc:2    | Found Lutanome's Jewellery Shoppe.
 33496 | Orc:2    | Found Rebryl's Food Shop.
 33506 | Orc:2    | Found Umahomuice's Book Shoppe.
 33506 | Orc:2    | Found Xuxithrin's General Store.
 33872 | Swamp:1  | Entered Level 1 of the Swamp
 34607 | Swamp:1  | Reached XP level 16. HP: 161/161 MP: 21/21
 34894 | Swamp:2  | Received a gift from Okawaru
 35143 | Swamp:2  | Noticed a thorn hunter
 35346 | Swamp:2  | Killed a thorn hunter
 35346 | Swamp:2  | Reached skill level 5 in Dodging
 35753 | Swamp:2  | Found a transporter.
 36023 | Swamp:2  | Found a transporter.
 36354 | Swamp:2  | Got a glittering lead ring
 36356 | Swamp:2  | Identified the ring "Uniseugy" {Slay+3 SInv} (You found it
                  | on level 2 of the Swamp)
 36367 | Swamp:2  | Got a vibrating bronze ring
 36369 | Swamp:2  | Identified the ring of the Thirsty Lies {rF++ MP+9 Str+3
                  | SInv} (You found it on level 2 of the Swamp)
 36544 | Swamp:3  | Paralysed by a hornet for 1 turns
 37712 | Swamp:3  | Noticed a thorn hunter
 37738 | Swamp:3  | Killed a thorn hunter
 38007 | Swamp:3  | Noticed Jorgrun
 38022 | Swamp:3  | Killed Jorgrun
 38022 | Swamp:3  | Received a gift from Okawaru
 38281 | Swamp:4  | Entered Level 4 of the Swamp
 38293 | Swamp:4  | Got a smoking tin ring
 38295 | Swamp:4  | Identified the ring "Gexirase" {AC+3 Slay+2} (You acquired
                  | it on level 4 of the Swamp)
 38401 | Swamp:4  | Received a gift from Okawaru
 39841 | Swamp:4  | Reached XP level 17. HP: 167/171 MP: 22/22
 39980 | Swamp:4  | Noticed the 27-headed Lernaean hydra
 40918 | Spider:1 | Entered Level 1 of the Spider Nest
 41644 | Spider:1 | Found a runed gate.
 41644 | Spider:1 | Found a runed gate.
 41644 | Spider:1 | Found a runed gate.
 41645 | Spider:1 | Noticed HereIgoKillingAgain's ghost (adept HOFi)
 41769 | Spider:1 | Received a gift from Okawaru
 41832 | Spider:1 | Got a pair of transparent gloves {god gift}
 41843 | Spider:1 | Identified the +0 pair of gloves of the Gate {MR+ Str-5
                  | Slay+3} (Okawaru gifted it to you on level 1 of the Spider
                  | Nest)
 42254 | Spider:1 | Killed HereIgoKillingAgain's ghost
 42743 | Spider:2 | Noticed Arachne
 42770 | Spider:2 | Killed Arachne
 42770 | Spider:2 | Reached skill level 10 in Dodging
 44223 | Spider:3 | Received a gift from Okawaru
 44770 | Spider:4 | Entered Level 4 of the Spider Nest
 45281 | Spider:4 | Reached XP level 18. HP: 164/182 MP: 23/23
 46498 | Spider:4 | Got a gossamer rune of Zot
 47317 | Elf:1    | Entered Level 1 of the Elven Halls
 47374 | Elf:1    | Received a gift from Okawaru
 48024 | Elf:1    | Identified the Disquisition on Attacks
 48640 | Elf:1    | Noticed a Tzitzimitl
 48885 | Elf:1    | Identified Caybapp's Volume of Calling
 48930 | Elf:1    | Noticed a Tzitzimitl
 49645 | Elf:2    | Found a radiant altar of Vehumet.
 49736 | Elf:2    | Received a gift from Okawaru
 50349 | Elf:2    | Identified the +3 glaive of Success {chop, Str+4} (Okawaru
                  | gifted it to you on level 2 of the Elven Halls)
 50437 | Elf:2    | Found a huge runed gate.
 50437 | Elf:2    | Found a huge runed gate.
 50437 | Elf:2    | Found a huge runed gate.
 50437 | Elf:2    | Found a huge runed gate.
 50437 | Elf:2    | Found a huge runed gate.
 50483 | Elf:2    | Found Hatritt's Jewellery Boutique.
 51192 | Elf:2    | Got a transparent amber ring
 51194 | Elf:2    | Identified the ring of Kuxya {rCorr SInv} (You found it on
                  | level 2 of the Elven Halls)
 51207 | Elf:2    | Found Muovuuc's Gadget Shop.
 51645 | Elf:2    | Received a gift from Okawaru
 51905 | Elf:2    | Reached XP level 19. HP: 162/193 MP: 24/24
 52659 | Elf:3    | Entered Level 3 of the Elven Halls
 52687 | Elf:3    | Noticed Donald
 52707 | Elf:3    | Killed Donald
 53694 | Elf:3    | Slain by an earth elemental

Vault maps used:
D:1:      elethiomel_arrival_infinity_welcomes_careful_drivers
D:2:      uniq_natasha
D:3:      first_ration, serial_rivers, chequers_serial_rivers_marsh,
          chequers_serial_rivers_micro_b, chequers_serial_rivers_micro_e,
          chequers_serial_rivers_micro_d, chequers_serial_rivers_room_b,
          chequers_serial_rivers_micro_c, uniq_ijyb
D:4:      minmay_misc_feat_four_crosses, nicolae_xom_altar_mimics,
          uniq_blork_the_orc
D:5:      serial_shops, shop, kennysheep_slug_shrine, uniq_eustachio
D:6:      ashenzari_altar_1, minmay_temple_entry_drinking_statues,
          minmay_misc_feat_secret_circle
D:7:      hangedman_decor_lopped, minmay_misc_feat_tower
D:8:      erik_lair_island, serial_shops, shop, minmay_misc_feat_iff,
          hangedman_little_slice_of_home
D:9:      wad_woods_minihive, serial_glass, glass_columns_a, glass_columns_c,
          kennysheep_generic_room_9, uniq_maurice, uniq_harold
D:10:     grunt_ministairs_5
D:11:     evilmike_iron_armoury, serial_bayou_ford_a
D:12:     erik_orc_4, nrook_pool_corridor
D:13:     skrybe_vaults_entry_preservation, serial_shops, shop, enter_trove_3,
          minivault_12
D:14:     minivault_25
D:15:     grunt_enter_depths_hoard, serial_shops, nicolae_shop_trees,
          lemuel_tele_altar, grunt_decor_fettered, uniq_nessos
Temple:   kilobyte_greek_temple
Lair:2:   dummy_spider_entry, portal_ice_cave_entry_imps
Lair:3:   minivault_27
Lair:4:   minmay_swamp_entry_swarm, chequers_serial_rivers_small_b
Lair:5:   nicolae_slime_entry_slimehenge, cheibrodos_lair_reptile_den,
          grunt_megastairs_4, serial_bayou_shore_a
Lair:6:   cheibrodos_lair_end_hotspot
Swamp:1:  nicolae_swamp_trees_clearing, swamp_pool4
Swamp:2:  gammafunk_its_a_trap, serial_swamp_ruin, evilmike_swamp_ruin_house_2,
          evilmike_swamp_ruin_rubble_2, evilmike_swamp_ruin_house_1,
          swamp_pool2, nicolae_swamp_alligator_family
Swamp:3:  hangedman_swamp_ruin_wall, uniq_jorgrun
Swamp:4:  swamp_vile, infiniplex_staircase_pool
Spider:1: ebering_ghost_rock_garden, spider_trap, hive_lemuel
Spider:2: hangedman_stitches_earthworm, uniq_arachne
Spider:3: spider_trap, hangedman_spider_tarantella_strand
Spider:4: guppyfry_spider_rune, spider_trap, nicolae_crawler_farm
Orc:1:    lightli_volcano_entry_magma_tube, guppyfry_library_mini
Orc:2:    grunt_orc_tribal_feast
Elf:1:    eino_elf_arrival_sip, minmay_elf_sorcery, minmay_elf_demonology
Elf:2:    basic_altar, serial_shops, shop, shop, special_room,
          grunt_ministairs_11
Elf:3:    minmay_elf_hall_x, small_statue_intersection, minivault_4,
          serial_sigils_hangedman_clutch, minivault_16, uniq_donald
IceCv:    ice_cave_statue_garden_chambered
Volcano:  volcano_pools

Skill      XL: |  1  2  3  4  5  6  7  8  9 10 11 12 13 14 15 16 17 18 19 |
---------------+----------------------------------------------------------+-----
Polearms       | 4 5 6 7 8 9 11 12 14 | 14.0
Fighting       | 3 4 5 6 7 9 10 12 14 16 18 19 20 21 22 | 22.8
Shields        | 3 4 |  4.0
Armour         | 2 5 8 10 12 15 17 18 19 20 21 22 | 22.1
Invocations    | 3 6 8 |  8.0
Evocations     | 1 6 8 |  8.0
Dodging        | 4 8 11 13 | 13.9
Throwing       | |  2.0

Action                   |  1- 3 |  4- 6 |  7- 9 | 10-12 | 13-15 | 16-18 | 19-21 || total
-------------------------+-------+-------+-------+-------+-------+-------+-------++-------
Melee: Trident           |    59 |   141 |   454 |  1160 |  2072 |  2664 |   341 ||  6891
       Headbutt          |     7 |    23 |    72 |   224 |   603 |   761 |    62 ||  1752
Throw: Throwing net      |       |       |    14 |       |       |       |       ||    14
Invok: Heroism           |       |       |     2 |     5 |    12 |    21 |     4 ||    44
       Finesse           |       |       |       |       |       |     1 |     1 ||     2
Evoke: Wand              |       |       |     6 |     8 |     2 |    10 |       ||    26
       Box of beasts     |       |       |       |       |       |     1 |       ||     1
  Use: Scroll            |       |       |     8 |     4 |    28 |    14 |     4 ||    58
       Potion            |       |       |       |     2 |       |     2 |     2 ||     6
 Stab: Sleeping          |     1 |       |       |       |       |       |       ||     1
       Held in net/web   |       |       |     4 |       |       |     2 |       ||     6
       Petrified         |       |       |       |     3 |       |       |       ||     3
       Distracted        |       |       |       |       |       |     2 |       ||     2
  Eat: Chunk             |       |     7 |    14 |    29 |    28 |    32 |       ||   110
       Ration            |       |     2 |     2 |     1 |     7 |     8 |     2 ||    22
Armor: Leather armour    |    17 |     5 |       |       |       |       |       ||    22
       Ring mail         |       |    15 |    78 |       |       |       |       ||    93
       Chain mail        |       |       |   120 |    89 |       |       |       ||   209
       Plate armour      |       |       |       |   315 |   738 |  1248 |   115 ||  2416
       Fire dragon scale |       |       |       |       |     6 |       |       ||     6
Dodge: Dodged            |    20 |    67 |   167 |   236 |   459 |  1061 |   101 ||  2111
Block: Buckler           |       |       |    74 |   189 |   619 |  1037 |   135 ||  2054
       Reflection        |       |       |       |       |    41 |    29 |    15 ||    85

Table legend:
 A = Non-vault XP
 B = Vault XP
 C = Vault XP percentage of total XP
 D = Non-vault monster count
 E = Vault monster count
 F = Vault count percentage of total count
                 A         B        C        D         E       F
            +---------+---------+-------+---------+---------+-------
      Total |  230346 |  179396 |  43.8 |     926 |     453 |  32.8
            +---------+---------+-------+---------+---------+-------
        D:1 |      31 |       0 |   0.0 |      16 |       0 |   0.0
        D:2 |     209 |      33 |  13.6 |      17 |       1 |   5.6
        D:3 |      60 |      35 |  36.8 |      20 |       1 |   4.8
        D:4 |     296 |      96 |  24.5 |      15 |       1 |   6.2
        D:5 |     618 |     207 |  25.1 |      15 |       2 |  11.8
        D:6 |     656 |       0 |   0.0 |      17 |       0 |   0.0
        D:7 |    1845 |       0 |   0.0 |      38 |       0 |   0.0
        D:8 |    1148 |    1013 |  46.9 |      31 |      16 |  34.0
        D:9 |    4018 |    4669 |  53.7 |      34 |      51 |  60.0
       D:10 |     768 |     379 |  33.0 |      12 |       5 |  29.4
       D:11 |    3563 |    3662 |  50.7 |      45 |      18 |  28.6
       D:12 |    5914 |    1337 |  18.4 |      48 |      18 |  27.3
       D:13 |    8649 |    9327 |  51.9 |      37 |      17 |  31.5
       D:14 |   12273 |       0 |   0.0 |      45 |       0 |   0.0
       D:15 |    7663 |    3361 |  30.5 |      24 |       3 |  11.1
     Lair:1 |    3737 |       0 |   0.0 |      17 |       0 |   0.0
     Lair:2 |    7466 |     124 |   1.6 |      30 |      12 |  28.6
     Lair:3 |    2122 |       0 |   0.0 |       7 |       0 |   0.0
     Lair:4 |    1900 |     911 |  32.4 |       8 |       5 |  38.5
     Lair:5 |    2023 |    9046 |  81.7 |       6 |      37 |  86.0
     Lair:6 |   13456 |    8376 |  38.4 |      38 |      29 |  43.3
    Swamp:1 |   14494 |       0 |   0.0 |      28 |       0 |   0.0
    Swamp:2 |    9723 |    3551 |  26.8 |      20 |       7 |  25.9
    Swamp:3 |   21011 |    3023 |  12.6 |      48 |       1 |   2.0
    Swamp:4 |    7569 |   18397 |  70.9 |      19 |      26 |  57.8
   Spider:1 |   16488 |    5471 |  24.9 |      52 |      17 |  24.6
   Spider:2 |   14262 |    6235 |  30.4 |      51 |       9 |  15.0
   Spider:3 |   15882 |     726 |   4.4 |      43 |       3 |   6.5
   Spider:4 |   11812 |   26195 |  68.9 |      32 |      45 |  58.4
      Orc:1 |    2645 |     648 |  19.7 |      25 |      11 |  30.6
      Orc:2 |    1756 |    7459 |  80.9 |      23 |      27 |  54.0
      Elf:1 |   13760 |   12244 |  47.1 |      25 |      20 |  44.4
      Elf:2 |   14360 |   31593 |  68.8 |      24 |      46 |  65.7
      Elf:3 |    8169 |   12370 |  60.2 |      16 |       8 |  33.3
      IceCv |       0 |    3213 | 100.0 |       0 |      11 | 100.0
    Volcano |       0 |    5695 | 100.0 |       0 |       6 | 100.0
            +---------+---------+-------+---------+---------+-------
